SA
KENNESAW JETS @ NIAGARA FALLS EXPOS
08/11/2034
 
TOP OF THE 1ST
Kennesaw Jets batting - Pitching for Niagara Falls Expos : RHP Steve de Regt
Pitching: RHP Steve de Regt
Batting: RHB Kian Curling 0-0: Ball
1-0: SINGLE (Groundball, 56D)
Batting: LHB Lorenzo Trujillo 0-0: Called Strike
0-1: Ball
1-1: Ball
2-1: Foul Ball, location: 2F
2-2: Ball
3-2: SINGLE (Groundball, 4MD)
Kian Curling to second
Kian Curling to third
Batting: RHB Alain Grosjean 0-0: Fly out, F8 (Flyball, 8RM)
Runner from 3rd tags up, SCORES, no throw
Batting: RHB Meester Gobbles-Rooster 0-0: Called Strike
0-1: Ball
1-1: Ball
2-1: Swinging Strike
2-2: Strikes out swinging
Batting: SHB Joam Francia 0-0: Called Strike
0-1: Ball
1-1: SINGLE (Groundball, 3L) (infield hit)
Lorenzo Trujillo to second
Batting: RHB Bill Richmond 0-0: Called Strike
0-1: Ball
1-1: Foul Ball, location: 2F
1-2: Strikes out looking
Top of the 1st over - 1 run, 3 hits, 0 errors, 2 left on base; Kennesaw 1 - Niagara Falls 0
BOTTOM OF THE 1ST
Niagara Falls Expos batting - Pitching for Kennesaw Jets : RHP Suhaila Zainuddin
Pitching: RHP Suhaila Zainuddin
Batting: LHB Barry Flauker 0-0: Ball
1-0: Ball
2-0: Ball
3-0: Called Strike
3-1: Fly out, F7 (Line Drive, 7D)
Batting: RHB Arthur Chappell 0-0: Called Strike
0-1: Foul Ball, location: 2F
0-2: Foul Ball, location: 2F
0-2: Strikes out swinging
Batting: RHB Qi-chao Di 0-0: Called Strike
0-1: Called Strike
0-2: Ball
1-2: Strikes out swinging
Bottom of the 1st over - 0 runs, 0 hits, 0 errors, 0 left on base; Kennesaw 1 - Niagara Falls 0
TOP OF THE 2ND
Kennesaw Jets batting - Pitching for Niagara Falls Expos : RHP Steve de Regt
Batting: RHB Joshua Neal 0-0: Bunt for hit - play at first, batter OUT! 1-3
Batting: RHB Albert August 0-0: Called Strike
0-1: Foul Ball, location: 2F
0-2: Foul Ball, location: 2F
0-2: Strikes out swinging
Batting: RHB Jason Hopdown 0-0: Called Strike
0-1: Ground out 1-3 (Groundball, 13S)
Top of the 2nd over - 0 runs, 0 hits, 0 errors, 0 left on base; Kennesaw 1 - Niagara Falls 0
BOTTOM OF THE 2ND
Niagara Falls Expos batting - Pitching for Kennesaw Jets : RHP Suhaila Zainuddin
Batting: LHB Julian Rodney 0-0: Foul Ball, location: 2F
0-1: Fly out, F9 (Flyball, 89M)
Batting: SHB Manuel Haynes 0-0: Called Strike
0-1: Ball
1-1: SINGLE (Groundball, 34D)
Batting: RHB Cord Hosenbeck 0-0: Foul Ball, location: 2F
0-1: Called Strike
Manuel Haynes steals 2nd base
0-2: Ball
1-2: Ground out 4-3 (Groundball, 4)
Manuel Haynes to third
Batting: RHB Yaakov Shmerkin 0-0: Ball
1-0: Foul Ball, location: 2F
1-1: Ball
2-1: Foul Ball, location: 2F
2-2: Strikes out swinging
Bottom of the 2nd over - 0 runs, 1 hit, 0 errors, 1 left on base; Kennesaw 1 - Niagara Falls 0
TOP OF THE 3RD
Kennesaw Jets batting - Pitching for Niagara Falls Expos : RHP Steve de Regt
Batting: RHB Kian Curling 0-0: Ball
1-0: Ground out 6-3 (Groundball, 6)
Batting: LHB Lorenzo Trujillo 0-0: Ground out 5-3 (Groundball, 5)
Batting: RHB Alain Grosjean 0-0: Called Strike
0-1: Foul Ball, location: 2F
0-2: DOUBLE (Line Drive, 78D)
Batting: RHB Meester Gobbles-Rooster 0-0: Ball
1-0: Called Strike
1-1: Ball
2-1: Foul Ball, location: 2F
2-2: Foul Ball, location: 2F
2-2: Foul Ball, location: 2F
2-2: Foul Ball, location: 2F
2-2: Ball
3-2: Base on Balls
Batting: SHB Joam Francia 0-0: Called Strike
0-1: Swinging Strike
0-2: Foul Ball, location: 2F
0-2: Foul Ball, location: 2F
0-2: Strikes out swinging, 2-3 out at first.
Top of the 3rd over - 0 runs, 1 hit, 0 errors, 2 left on base; Kennesaw 1 - Niagara Falls 0
BOTTOM OF THE 3RD
Niagara Falls Expos batting - Pitching for Kennesaw Jets : RHP Suhaila Zainuddin
Batting: RHB Du-yang Zhu 0-0: SINGLE (Flyball, 8RS)
Batting: RHB Darryl Edwards 0-0: Ball
1-0: Foul Ball, location: 2F
1-1: Swinging Strike
1-2: Grounds into double play, 1-4-3 (Groundball, 15)
Batting: LHB Barry Flauker 0-0: Foul Ball, location: 2F
0-1: Ball
1-1: Swinging Strike
1-2: Ball
2-2: Foul Ball, location: 2F
2-2: Foul Ball, location: 2F
2-2: Foul Ball, location: 2F
2-2: Ground out 1-3 (Groundball, 13S)
Bottom of the 3rd over - 0 runs, 1 hit, 0 errors, 0 left on base; Kennesaw 1 - Niagara Falls 0
TOP OF THE 4TH
Kennesaw Jets batting - Pitching for Niagara Falls Expos : RHP Steve de Regt
Batting: RHB Bill Richmond 0-0: Called Strike
0-1: Fly out, F8 (Flyball, 8RD)
Batting: RHB Joshua Neal 0-0: Ball
1-0: Swinging Strike
1-1: Foul Ball, location: 2F
1-2: Foul Ball, location: 2F
1-2: Ball
2-2: Ball
3-2: Fly out, F7 (Line Drive, 7LD)
Batting: RHB Albert August 0-0: Foul Ball, location: 2F
0-1: Ground out 5-3 (Groundball, 5L)
Top of the 4th over - 0 runs, 0 hits, 0 errors, 0 left on base; Kennesaw 1 - Niagara Falls 0
BOTTOM OF THE 4TH
Niagara Falls Expos batting - Pitching for Kennesaw Jets : RHP Suhaila Zainuddin
Batting: RHB Arthur Chappell 0-0: Called Strike
0-1: Foul Ball, location: 2F
0-2: Ball
1-2: Ball
2-2: Ball
3-2: Ground out 5-3 (Groundball, 5L)
Batting: RHB Qi-chao Di 0-0: Swinging Strike
0-1: Foul Ball, location: 2F
0-2: Ball
1-2: Ball
2-2: Strikes out swinging
Batting: LHB Julian Rodney 0-0: Ball
1-0: Foul Ball, location: 2F
1-1: DOUBLE (Flyball, 8RXD)
Batting: SHB Manuel Haynes 0-0: Ball
1-0: Foul Ball, location: 2F
1-1: Called Strike
1-2: Ball
2-2: Foul Ball, location: 2F
2-2: Strikes out swinging
Bottom of the 4th over - 0 runs, 1 hit, 0 errors, 1 left on base; Kennesaw 1 - Niagara Falls 0
TOP OF THE 5TH
Kennesaw Jets batting - Pitching for Niagara Falls Expos : RHP Steve de Regt
Batting: RHB Jason Hopdown 0-0: Called Strike
0-1: Ball
1-1: Ground out 6-3 (Groundball, 6)
Batting: RHB Kian Curling 0-0: Called Strike
0-1: Ball
1-1: Foul Ball, location: 2F
1-2: Ball
2-2: Fly out, F9 (Flyball, 9S)
Batting: LHB Lorenzo Trujillo 0-0: Called Strike
0-1: Ball
1-1: Fly out, F9 (Line Drive, 9D)
Top of the 5th over - 0 runs, 0 hits, 0 errors, 0 left on base; Kennesaw 1 - Niagara Falls 0
BOTTOM OF THE 5TH
Niagara Falls Expos batting - Pitching for Kennesaw Jets : RHP Suhaila Zainuddin
Batting: RHB Cord Hosenbeck 0-0: Called Strike
0-1: SINGLE (Line Drive, 89S)
Batting: RHB Yaakov Shmerkin 0-0: Bunted foul
0-1: Sac Bunt - play at first, batter OUT! 5-4
Cord Hosenbeck to second
Batting: RHB Du-yang Zhu 0-0: Ball
1-0: Called Strike
1-1: Swinging Strike
1-2: Fly out, F5 (Line Drive, 56)
Batting: RHB Darryl Edwards 0-0: Foul Ball, location: 2F
0-1: Called Strike
0-2: Ball
1-2: Fly out, F9 (Line Drive, 9)
Bottom of the 5th over - 0 runs, 1 hit, 0 errors, 1 left on base; Kennesaw 1 - Niagara Falls 0
TOP OF THE 6TH
Kennesaw Jets batting - Pitching for Niagara Falls Expos : RHP Steve de Regt
Batting: RHB Alain Grosjean 0-0: Ball
1-0: Swinging Strike
1-1: Swinging Strike
1-2: Foul Ball, location: 2F
1-2: Ball
2-2: Ball
3-2: Strikes out looking
Batting: RHB Meester Gobbles-Rooster 0-0: Called Strike
0-1: Ball
1-1: Ball
2-1: SINGLE (Groundball, 4) (infield hit)
Batting: SHB Joam Francia 0-0: Ball
1-0: Called Strike
1-1: Ball
2-1: Foul Ball, location: 2F
2-2: Ball
3-2: Strikes out swinging
Batting: RHB Bill Richmond 0-0: Ball
1-0: Ground out 1-3 (Groundball, 15)
Top of the 6th over - 0 runs, 1 hit, 0 errors, 1 left on base; Kennesaw 1 - Niagara Falls 0
BOTTOM OF THE 6TH
Niagara Falls Expos batting - Pitching for Kennesaw Jets : RHP Suhaila Zainuddin
Batting: LHB Barry Flauker 0-0: Ball
1-0: Ground out 6-3 (Groundball, 6M)
Batting: RHB Arthur Chappell 0-0: Foul Ball, location: 2F
0-1: Called Strike
0-2: Ball
1-2: Foul Ball, location: 2F
1-2: Strikes out swinging
Batting: RHB Qi-chao Di 0-0: Fly out, F6 (Flyball, 56D)
Bottom of the 6th over - 0 runs, 0 hits, 0 errors, 0 left on base; Kennesaw 1 - Niagara Falls 0
TOP OF THE 7TH
Kennesaw Jets batting - Pitching for Niagara Falls Expos : RHP Steve de Regt
Batting: RHB Joshua Neal 0-0: Called Strike
0-1: Ball
1-1: Swinging Strike
1-2: Foul Ball, location: 2F
1-2: Strikes out swinging
Batting: RHB Albert August 0-0: Ball
1-0: DOUBLE (Line Drive, 7D)
Pinch Hitting: RHB António Ortíz 0-0: Foul Ball, location: 2F
0-1: Foul Ball, location: 2F
0-2: Strikes out looking
Batting: RHB Kian Curling 0-0: SINGLE (Groundball, 56D)
Albert August to third
Runner from 3rd tries for Home, SAFE, no throw
Batting: LHB Lorenzo Trujillo 0-0: Ball
Kian Curling steals 2nd base
1-0: Foul Ball, location: 2F
1-1: DOUBLE (Line Drive, 7LM)
Kian Curling scores
Batting: RHB Alain Grosjean 0-0: Ball
1-0: Ball
2-0: Ground out 6-3 (Groundball, 6)
Top of the 7th over - 2 runs, 3 hits, 0 errors, 1 left on base; Kennesaw 3 - Niagara Falls 0
BOTTOM OF THE 7TH
Niagara Falls Expos batting - Pitching for Kennesaw Jets : RHP Suhaila Zainuddin
Now in RF: António Ortíz
Batting: LHB Julian Rodney 0-0: Ball
1-0: Ball
2-0: Called Strike
2-1: Swinging Strike
2-2: Foul Ball, location: 2F
2-2: Ball
3-2: SINGLE (Line Drive, 7S)
Batting: SHB Manuel Haynes 0-0: Ball
Wild Pitch!
Julian Rodney to second
1-0: Foul Ball, location: 2F
1-1: Ground out 4-3 (Groundball, 4S)
Julian Rodney to third
Batting: RHB Cord Hosenbeck 0-0: Ball
1-0: Ball
2-0: Called Strike
2-1: SINGLE (Line Drive, 78S)
Julian Rodney scores
Batting: RHB Yaakov Shmerkin 0-0: Ground out 5-3 (Groundball, 5S)
Cord Hosenbeck to second
Batting: RHB Du-yang Zhu 0-0: Ball
1-0: SINGLE (Groundball, 56D)
Cord Hosenbeck to third
Runner from 3rd tries for Home, SAFE, no throw
Pinch Hitting: LHB Leonard E. Read 0-0: Called Strike
0-1: Ball
1-1: Foul Ball, location: 2F
1-2: Strikes out swinging
Bottom of the 7th over - 2 runs, 3 hits, 0 errors, 1 left on base; Kennesaw 3 - Niagara Falls 2
TOP OF THE 8TH
Kennesaw Jets batting - Pitching for Niagara Falls Expos : RHP Steve de Regt
Now at 1B: Leonard E. Read
Batting: RHB Meester Gobbles-Rooster 0-0: Called Strike
0-1: Fly out, F7 (Line Drive, 7D)
Batting: SHB Joam Francia 0-0: Ball
1-0: Reached on error, E6 (Groundball, 4MD)
Batting: RHB Bill Richmond 0-0: SINGLE (Groundball, 4D)
Joam Francia to second
Runner from 2nd tries for 3rd, SAFE, no throw
Batting: RHB Joshua Neal 0-0: Ball
1-0: Foul Ball, location: 2F
1-1: SINGLE (Groundball, 56D)
Joam Francia scores
Bill Richmond to second
Batting: RHB Albert August 0-0: Ball
1-0: SINGLE (Line Drive, 4MD)
Bill Richmond to third
Joshua Neal to second
Batting: RHB António Ortíz 0-0: Called Strike
0-1: Grounds into fielders choice 5-2 (Groundball, 5)
Joshua Neal to third
Albert August to second
Batting: RHB Kian Curling 0-0: Foul Ball, location: 2F
0-1: Ball
1-1: Called Strike
1-2: Foul Ball, location: 2F
1-2: Foul Ball, location: 2F
1-2: DOUBLE (Line Drive, 7D)
Joshua Neal scores
Albert August scores
António Ortíz to third
Pitching: LHP Emílio Román
Batting: LHB Lorenzo Trujillo 0-0: Ball
1-0: Ball
2-0: Called Strike
2-1: Called Strike
2-2: Strikes out swinging
Top of the 8th over - 3 runs, 4 hits, 1 error, 2 left on base; Kennesaw 6 - Niagara Falls 2
BOTTOM OF THE 8TH
Niagara Falls Expos batting - Pitching for Kennesaw Jets : RHP Suhaila Zainuddin
Batting: LHB Barry Flauker 0-0: Called Strike
0-1: Foul Ball, location: 2F
0-2: Ball
1-2: Fly out, F5 (Line Drive, 56)
Batting: RHB Arthur Chappell 0-0: Ball
1-0: Ball
2-0: Ball
3-0: Called Strike
3-1: Ground out 5-3 (Groundball, 56)
Batting: RHB Qi-chao Di 0-0: Swinging Strike
0-1: Ball
1-1: Swinging Strike
1-2: Ball
2-2: SINGLE (Groundball, 6MD)
Pitching: RHP Bill Tench
Batting: LHB Julian Rodney 0-0: Called Strike
0-1: Foul Ball, location: 2F
0-2: Ball
1-2: Foul Ball, location: 2F
1-2: Strikes out swinging
Bottom of the 8th over - 0 runs, 1 hit, 0 errors, 1 left on base; Kennesaw 6 - Niagara Falls 2
TOP OF THE 9TH
Kennesaw Jets batting - Pitching for Niagara Falls Expos : LHP Emílio Román
Batting: RHB Alain Grosjean 0-0: Called Strike
0-1: Called Strike
0-2: Foul Ball, location: 2F
0-2: Foul Ball, location: 2F
0-2: Ground out 1-3 (Groundball, 15S)
Batting: RHB Meester Gobbles-Rooster 0-0: Called Strike
0-1: Fly out, F9 (Flyball, 89S)
Batting: SHB Joam Francia 0-0: Swinging Strike
0-1: Ball
1-1: Called Strike
1-2: Foul Ball, location: 2F
1-2: Ball
2-2: Fly out, F6 (Popup, 6D)
Top of the 9th over - 0 runs, 0 hits, 0 errors, 0 left on base; Kennesaw 6 - Niagara Falls 2
BOTTOM OF THE 9TH
Niagara Falls Expos batting - Pitching for Kennesaw Jets : RHP Bill Tench
Batting: SHB Manuel Haynes 0-0: Called Strike
0-1: Swinging Strike
0-2: SOLO HOME RUN (Flyball, 9D), Distance : 396 ft
Pitching: LHP Robert Karabanov
Batting: RHB Cord Hosenbeck 0-0: Foul Ball, location: 2F
0-1: Ball
1-1: Swinging Strike
1-2: SINGLE (Groundball, 3D)
Batting: RHB Yaakov Shmerkin 0-0: Ball
1-0: Ball
2-0: Called Strike
2-1: Called Strike
2-2: Fly out, F8 (Flyball, 8LD)
Batting: RHB Du-yang Zhu 0-0: SINGLE (Line Drive, 7S)
Cord Hosenbeck to second
Batting: LHB Leonard E. Read 0-0: Foul Ball, location: 2F
0-1: Grounds into double play, 5-4-3 (Groundball, 5)
Bottom of the 9th over - 1 run, 3 hits, 0 errors, 1 left on base; Kennesaw 6 - Niagara Falls 3
Friday, March 29th, 2019 - OOTP Baseball 18.8 Build 76